 Dungeon Crawl Stone Soup version 0.17.1-3-g152610e (webtiles) character file.

2729 Jerry the Cleaver (level 9, -7/111 HPs)
             Began as a Deep Dwarf Berserker on Mar 7, 2016.
             Was an Elder of Trog.
             Mangled by Gastronok (34 damage)
             ... on level 8 of the Dungeon.
             The game lasted 00:52:00 (6303 turns).

Jerry the Cleaver (Deep Dwarf Berserker)            Turns: 6303, Time: 00:52:00

Health: -7/111     AC:  8    Str: 30    XL:     9   Next: 40%
Magic:  14/14      EV: 12    Int:  9    God:    Trog [****..]
Gold:   330        SH:  0    Dex: 12    Spells: 0 memorised, 8 levels left

rFire  . . .     SeeInvis .     u - +1 war axe
rCold  + . .     Clarity  .     e - +1 ring mail {rC+}
rNeg   . . .     SustAt   .     (no shield)
rPois  .         Gourm    .     (helmet restricted)
rElec  .         Spirit   .     (no cloak)
rCorr  .         Warding  .     (no gloves)
rMut   .         Stasis   .     (no boots)
MR     +++..                    (no amulet)
Stlth  ..........               (no ring)
                                (no ring)

@: berserking, non-regenerating, very quick, extremely resistant to hostile
enchantments, extremely unstealthy
A: damage resistance, recharge devices, beak, blink, deterioration 1, sense
surroundings 2, screaming 1, slow regeneration 3, strong 1, subdued magic 1
a: Device Recharging, Blink, Berserk, Trog's Hand, Brothers in Arms, Burn
Spellbooks, Renounce Religion


You were on level 8 of the Dungeon.
You worshipped Trog.
Trog was greatly pleased with you.
You were hungry.

You visited 2 branches of the dungeon, and saw 9 of its levels.
You also visited: Ossuary.

You collected 433 gold pieces.
You spent 103 gold pieces at shops.

Inventory:

Hand Weapons
 a - a +0 hand axe
 u - a +1 war axe (weapon)
Missiles
 y - 3 tomahawks (quivered)
Armour
 e - a +1 ring mail of cold resistance (worn)
 i - a +1 ring mail
 E - a +0 helmet
Jewellery
 C - an uncursed ring of teleportation
Wands
 c - a wand of heal wounds (4)
 x - a wand of paralysis (10)
Scrolls
 b - a scroll of magic mapping
 k - 3 scrolls of blinking
 n - a scroll of teleportation
 o - a scroll of fear {unknown}
 t - 3 scrolls of remove curse
Potions
 f - 2 potions of curing
 g - 2 potions of flight
 h - 3 potions of brilliance
 m - a potion of poison {unknown}
 p - 4 potions of might
 q - 2 potions of heal wounds
 r - a potion of agility {unknown}
 s - a potion of ambrosia {unknown}
 A - a potion of resistance
 B - a potion of magic {unknown}
Comestibles
 d - 4 bread rations
 j - a chunk of flesh
 l - a royal jelly
 v - 2 beef jerkies
 w - a meat ration
 z - 2 fruits


   Skills:
 - Level 2.6 Fighting
 + Level 9.6 Axes
 + Level 9.2 Armour
 - Level 2.1 Dodging
 - Level 7.3 Evocations


You had 8 spell levels left.
You didn't know any spells.

Dungeon Overview and Level Annotations

Branches:
Dungeon (8/15)             Temple (1/1) D:5
   Lair: D:8-11

Altars:
Ashenzari
Cheibriados
Dithmenos
Elyvilon
Gozag
Kikubaaqudgha
Nemelex Xobeh
Okawaru
Qazlal
Vehumet
Xom
Yredelemnul
Zin
The Shining One
Jiyva

Shops:
D:6 [

Annotations:
D:8 Gastronok


Innate Abilities, Weirdness & Mutations

You are resistant to damage.
You can recharge devices by infusing magical energy.
You passively map the area around you.
You do not regenerate naturally.
You have a beak for a mouth.
You can translocate small distances at will.
Your body sometimes deteriorates upon taking damage.
You occasionally shout uncontrollably at your foes.
Your muscles are strong. (Str +2)
Your spells are a little easier to cast, but a little less powerful.


Message History

You slice the bat!!
You kill the bat!
The bat's corpse disappears in a puff of smoke!
You barely miss the giant newt.
You are feeling hungry.
You slash Gastronok! You peck Gastronok, but do no damage.
Gastronok is severely wounded.
You closely miss the river rat. You closely miss the giant newt.
The giant newt bites you. The river rat barely misses you.
You completely miss Gastronok. You peck Gastronok!
Gastronok is almost dead.
You hit the river rat but do no damage. You slash the giant newt!
You kill the giant newt!
Trog accepts your kill.
You hit Gastronok.
Gastronok is almost dead.
You barely miss the river rat. The river rat barely misses you.
Gastronok gurgles, "I'll eat you, I will!"
Gastronok bites you!!!
You die...

, ,, , ,
#..)......# *
###.........#
,,
*.........?.#
* >#
#.........#
...##.......#
* #...^......#
* ..........#*
, ......w@<.#
* ,
......r§..# *
....$.....#
....>.....#
..........# *
***.##....####
* , ##### * ,,


You could see Gastronok and a river rat.

Vanquished Creatures
  The ghost of Jerry the Protected, a novice DDBe of Trog (D:6)
  The ghost of Clownie the Spear-Bearer, an amateur MfEn (D:5)
  Menkaure (D:5)
  2 sky beasts (D:7)
  2 ogres (D:4)
  An ice beast (D:5)
  A centaur (D:6)
  A phantom (D:7)
  A big kobold (D:7)
  A giant frog (D:6)
  A water moccasin zombie (D:7)
  A scorpion (D:5)
  2 hounds
  2 centaur zombies
  A crimson imp (D:6)
  A giant frog zombie (D:7)
  A quasit (D:6)
  3 human zombies (Ossuary)
  4 orc priests
  2 centaur skeletons (D:5)
  2 iguanas (D:4)
  5 orc wizards
  A worker ant (D:6)
  4 hound zombies
  3 mummies (Ossuary)
  10 adders
  3 gnolls (D:6)
  A shadow imp (D:7)
  An ooze (D:6)
  6 adder zombies (Ossuary)
  5 worms
  5 giant geckos
  24 orcs
  2 ball pythons
  3 giant cockroaches
  4 goblins
  7 hobgoblins
  10 jackals
  2 quokkas
  9 bats
  A giant gecko zombie (D:7)
  4 giant newts
  A gnoll zombie (Ossuary)
  7 goblin zombies (Ossuary)
  3 hobgoblin zombies (Ossuary)
  2 jackal skeletons
  4 jackal zombies (Ossuary)
  10 kobolds
  3 kobold zombies (Ossuary)
  2 orc zombies (Ossuary)
  2 quokka skeletons
  5 rats
  A rat zombie (Ossuary)
182 creatures vanquished.

Notes
Turn   | Place    | Note
--------------------------------------------------------------
     0 | D:1      | Jerry the Deep Dwarf Berserker began the quest for the Orb.
     0 | D:1      | Reached XP level 1. HP: 20/20 MP: 1/1
   406 | D:1      | Reached XP level 2. HP: 22/27 MP: 2/2
   411 | D:1      | Reached skill level 1 in Evocations
   728 | D:1      | Reached ** piety under Trog
   843 | D:2      | Reached XP level 3. HP: 29/33 MP: 4/4
  1005 | D:2      | Found a faded altar to an unknown god.
  1047 | D:2      | Found a white marble altar of Elyvilon.
  1627 | D:3      | Reached skill level 4 in Axes
  1723 | D:3      | Found a glowing golden altar of the Shining One.
  1729 | D:3      | Reached XP level 4. HP: 37/40 MP: 5/5
  2094 | D:3      | Found a shadowy altar of Dithmenos.
  2564 | D:4      | Found an ancient bone altar of Kikubaaqudgha.
  2758 | D:4      | Reached XP level 5. HP: 46/46 MP: 7/7
  2896 | D:4      | Noticed an ogre
  2904 | D:4      | Killed an ogre
  2904 | D:4      | Reached skill level 5 in Axes
  2904 | D:4      | Reached XP level 6. HP: 14/55 MP: 7/9
  3066 | D:4      | Found a stormy altar of Qazlal.
  3069 | D:4      | Noticed an ogre
  3075 | D:4      | Killed an ogre
  3238 | D:5      | Entered Level 5 of the Dungeon
  3238 | D:5      | Noticed Clownie's ghost (amateur MfEn)
  3247 | D:5      | Killed Clownie's ghost
  3247 | D:5      | Reached skill level 5 in Armour
  3247 | D:5      | Reached skill level 5 in Evocations
  3247 | D:5      | Reached XP level 7. HP: 51/61 MP: 10/10
  3460 | D:5      | Reached skill level 6 in Axes
  3701 | D:5      | Found a staircase to the Ecumenical Temple.
  3717 | Temple   | Entered the Ecumenical Temple
  3844 | D:5      | Found a glowing silver altar of Zin.
  3857 | D:5      | Reached *** piety under Trog
  4172 | D:5      | Noticed Menkaure
  4181 | D:5      | Killed Menkaure
  4181 | D:5      | Reached XP level 8. HP: 35/68 MP: 11/13
  4412 | D:6      | Reached skill level 7 in Axes
  4491 | D:6      | Found Lagailuc's Antique Armour Emporium.
  4505 | D:6      | Bought a helmet for 103 gold pieces
  4705 | D:6      | Found a stormy altar of Qazlal.
  4815 | D:6      | Found a sand-covered staircase.
  4820 | Ossuary  | Entered an ossuary
  5226 | D:6      | Reached skill level 8 in Axes
  5260 | D:6      | Noticed Jerry's ghost (novice DDBe)
  5292 | D:6      | Killed Jerry's ghost
  5292 | D:6      | Gained mutation: You passively map the area around you. [Deep Dwarf growth]
  5292 | D:6      | Reached XP level 9. HP: 66/74 MP: 14/14
  5786 | D:7      | Reached skill level 9 in Axes
  5915 | D:7      | Gained mutation: You can translocate small distances at will. [mutagenic meat]
  5916 | D:7      | Gained mutation: Your spells are a little easier to cast, but a little less powerful. [mutagenic meat]
  5917 | D:7      | Gained mutation: You occasionally shout uncontrollably at your foes. [mutagenic meat]
  5918 | D:7      | Gained mutation: Your body sometimes deteriorates upon taking damage. [mutagenic meat]
  5926 | D:7      | Gained mutation: Your muscles are strong. (Str +2) [potion of mutation]
  5926 | D:7      | Gained mutation: You have a beak for a mouth. [potion of mutation]
  5954 | D:7      | Reached **** piety under Trog
  5964 | D:7      | Found an iron altar of Okawaru.
  6197 | D:7      | Found a basalt altar of Yredelemnul.
  6282 | D:8      | Noticed Gastronok
  6303 | D:8      | Mangled by Gastronok

Action                   |  1- 3 |  4- 6 |  7- 9 || total
-------------------------+-------+-------+-------++-------
Melee: Hand axe          |   132 |    93 |       ||   225
       War axe           |       |     6 |   428 ||   434
Invok: Berserk           |     3 |     5 |    10 ||    18
       Trog's Hand       |       |     2 |     4 ||     6
Evoke: Wand              |     2 |     2 |     1 ||     5
  Use: Scroll            |       |    12 |     9 ||    21
       Potion            |       |       |     2 ||     2
 Stab: Sleeping          |     2 |       |       ||     2
  Eat: Chunk             |     6 |     2 |    18 ||    26
       Meat ration       |       |     1 |       ||     1
       Bread ration      |       |     1 |     1 ||     2
       Fruit             |       |       |     3 ||     3
